 Dungeon Crawl Stone Soup version 0.25-b1-37-g2669288c55 (webtiles) character file.

Game seed: 365064897251462631

11 Chiseanne the Vexing (level 2, -1/26 HPs)
             Began as a Gnoll Wanderer on June 4, 2020.
             Slain by a hobgoblin
             ... wielding a +0 club
              (8 damage)
             ... on level 2 of the Dungeon.
             The game lasted 00:01:37 (562 turns).

Chiseanne the Vexing (Gnoll Wanderer)                Turns: 562, Time: 00:01:38

Health: -1/26      AC:  2    Str: 15    XL:     2   Next: 29%
Magic:  5/5        EV: 11    Int: 14    God:
Gold:   6          SH:  0    Dex: 13    Spells: 6/6 levels left

rFire    . . .     SeeInvis .   a - +2 mace
rCold    . . .     Gourm    .   (no shield)
rNeg     . . .     Faith    .   b - +0 robe
rPois    .         Spirit   .   (no helmet)
rElec    .         Reflect  .   (no cloak)
rCorr    .         Harm     .   (no gloves)
MR       .....                  (no boots)
Stlth    +.........             (no amulet)
HPRegen  0.08/turn              (no ring)
MPRegen  0.09/turn              (no ring)

@: no status effects
A: distributed training, fangs 1, strong nose
a: no special abilities


You were on level 2 of the Dungeon.
You were not hungry.

You visited 1 branch of the dungeon, and saw 2 of its levels.

You collected 6 gold pieces.

Inventory:

Hand Weapons
 a - a +2 mace (weapon)
Missiles
 e - 16 arrows
Armour
 b - a +0 robe (worn)
Potions
 d - a potion of invisibility {unknown}
Comestibles
 c - a ration


   Skills:
 + Level 4.4 Fighting
 + Level 0.3 Short Blades
 + Level 0.3 Long Blades
 + Level 0.3 Axes
 + Level 2.4 Maces & Flails
 + Level 0.3 Polearms
 + Level 0.3 Staves
 + Level 0.3 Slings
 + Level 0.3 Bows
 + Level 0.3 Crossbows
 + Level 2.4 Throwing
 + Level 0.3 Armour
 + Level 0.3 Dodging
 + Level 0.3 Stealth
 + Level 0.3 Shields
 + Level 0.3 Unarmed Combat
 + Level 2.7 Spellcasting
 + Level 2.0 Conjurations
 + Level 5.3 Hexes
 + Level 0.2 Charms
 + Level 0.2 Summonings
 + Level 0.2 Necromancy
 + Level 0.2 Translocations
 + Level 0.2 Transmutations
 + Level 0.2 Fire Magic
 + Level 0.2 Ice Magic
 + Level 0.2 Air Magic
 + Level 0.2 Earth Magic
 + Level 0.2 Poison Magic
 + Level 0.4 Invocations
 + Level 2.4 Evocations


You had 6 spell levels left.
You didn't know any spells.
Your spell library was empty.

Dungeon Overview and Level Annotations

Branches:
Dungeon (2/15)

Altars:


Innate Abilities, Weirdness & Mutations

Your experience applies equally to all skills.
You have very sharp teeth.
Your uncanny sense of smell can sniff out nearby items.


Message History

The hobgoblin closely misses you.
You climb downwards.
There is a stone staircase leading up here.
The hobgoblin hits you but does no damage.
You see here a +0 club.
The hobgoblin closely misses you.
You hit the hobgoblin.
The hobgoblin is heavily wounded.
The hobgoblin hits you with a +0 club.
You closely miss the hobgoblin. You bite the hobgoblin.
The hobgoblin is severely wounded.
The hobgoblin hits you with a +0 club.
The hobgoblin hits you but does no damage.
You hit the hobgoblin.
You kill the hobgoblin!
You closely miss the hobgoblin. The hobgoblin closely misses you.
The hobgoblin hits you with a +0 club.
* * * LOW HITPOINT WARNING * * *
You closely miss the hobgoblin. The hobgoblin hits you with a +0 club!
You die...

## .# ######.#
#.#..<.#.# #.#.#..#.#
#.#....#.#
#.####.#.####.#
#.#.g@........#
#.#.##.#...####
#.#.)#.###.#
######'#.<#.# ..
..........##.########
.............)......#
.............)....#.#
#######+###########


You could see a hobgoblin.

Vanquished Creatures
  A leopard gecko (D:2)
  2 goblins (D:1)
  3 hobgoblins
  2 bats (D:1)
  A frilled lizard (D:1)
  A kobold (D:2)
10 creatures vanquished.

Notes
Turn   | Place    | Note
-------+----------+-------------------------------------------
     0 | D:1      | Chiseanne the Gnoll Wanderer began the quest for the Orb.
     0 | D:1      | Chiseanne set off with the following items: a +2 mace, a +0
                  | robe, a ration
     0 | D:1      | Reached XP level 1. HP: 20/20 MP: 4/4
   224 | D:1      | Reached XP level 2. HP: 21/26 MP: 5/5
   562 | D:2      | Slain by a hobgoblin

Illustrated notes

Levels and vault maps discovered:
D:1:      arrival_zaba_pyramid, layout_basic
D:2:      layout_basic, chequers_ecumenical_altar_lobes

Skill      XL: |  1 |
---------------+----+-----
Conjurations   | 2 |  2.0
Fighting       | |  4.4
Short Blades   | |  0.3
Long Blades    | |  0.3
Axes           | |  0.3
Maces & Flails | |  2.4
Polearms       | |  0.3
Staves         | |  0.3
Slings         | |  0.3
Bows           | |  0.3
Crossbows      | |  0.3
Throwing       | |  2.4
Armour         | |  0.3
Dodging        | |  0.3
Stealth        | |  0.3
Shields        | |  0.3
Unarmed Combat | |  0.3
Spellcasting   | |  2.7
Hexes          | |  5.3
Charms         | |  0.2
Summonings     | |  0.2
Necromancy     | |  0.2
Translocations | |  0.2
Transmutations | |  0.2
Fire Magic     | |  0.2
Ice Magic      | |  0.2
Air Magic      | |  0.2
Earth Magic    | |  0.2
Poison Magic   | |  0.2
Invocations    | |  0.4
Evocations     | |  2.4

Action                   || total
-------------------------++-------
Melee: Mace              ||    28
       Bite              ||     2
Armor: Robe              ||    13
Dodge: Dodged            ||    22
